AoeStats
← Guru8722

Arabia

503919060Analyzed
3v3 RM · 29d ago on Sep 3, 2026· 69m 21s· 6 players
Game mode
Random Map
Map size
Normal (6 player)
Population
200
Speed
Normal
Resources
Standard
Victory
Conquest
Starting age
Dark Age
Ending age
Imperial Age
RankedLock teamsTeams togetherTeam positionsShared explorationLock speedFull tech treeHidden civsTurbo modeCheats
Victory
Defeat
🇺🇸 Armenians · United States
1074
+14
🇺🇸 Saracens · United States
1045
+15
🇺🇸 Poles · United States
1037
+15
🇺🇸 Magyars · United States
1084
-18
🇺🇸 Vietnamese · United States
996
-13
🇺🇸 Wei · United States
980
-13
sksarthak
5:31 Loom
8:53 Feudal Age
9:25 Double-Bit Axe
11:52 Horse Collar
16:56 Wheelbarrow
19:30 Castle Age
18:27 Bloodlines
18:25 Scale Barding Armor
29:22 Town Watch
29:38 Husbandry
30:21 Fletching
30:52 Chain Barding Armor
36:16 Imperial Age
34:14 Bodkin Arrow
36:21 Cavalier
37:16 Thumb Ring
37:49 Plate Barding Armor
37:15 Bracer
37:15 Padded Archer Armor
37:45 Conscription
39:10 Hand Cart
38:56 Town Patrol
39:32 Parthian Tactics
40:13 Chemistry
39:34 Ballistics
42:20 Recurve Bow
43:58 Corvinian Army
46:49 Heavy Cavalry Archer
48:14 Leather Archer Armor
57:06 Murder Holes
57:17 Siege Engineers
57:23 Masonry
57:29 Elite Magyar Huszar
61:32 Elite Magyar Huszar
66:14 Light Cavalry
66:50 Hussar
Sanji-San
6:31 Loom
9:38 Feudal Age
10:11 Double-Bit Axe
10:16 Horse Collar
19:30 Castle Age
17:29 Gold Mining
18:15 Fletching
19:04 Bloodlines
20:26 Bow Saw
20:25 Bodkin Arrow
22:27 Padded Archer Armor
26:05 Wheelbarrow
26:17 Town Watch
27:21 Hand Cart
33:07 Imperial Age
33:10 Thumb Ring
33:23 Stone Mining
34:02 Bracer
34:27 Ballistics
35:08 Chemistry
38:45 Scale Barding Armor
38:50 Forging
41:05 Conscription
42:36 Parthian Tactics
42:40 Ming Guang Armor
44:49 Capped Ram
49:21 Siege Ram
51:10 Husbandry
51:24 Masonry
51:09 Murder Holes
56:16 Chain Barding Armor
56:14 Leather Archer Armor
56:20 Chain Barding Armor
56:36 Iron Casting
61:37 Ring Archer Armor
62:08 Blast Furnace
60:43 Light Cavalry
63:30 Hussar
Guru8722
6:40 Loom
10:31 Feudal Age
10:57 Double-Bit Axe
16:42 Fletching
27:15 Gold Mining
29:29 Horse Collar
34:04 Castle Age
36:58 Bodkin Arrow
37:30 Crossbowman
37:36 Elite Skirmisher
44:54 Wheelbarrow
48:10 Thumb Ring
52:37 Hand Cart
55:20 Imperial Age
52:56 Padded Archer Armor
55:24 Imperial Skirmisher
56:27 Bracer
58:02 Chemistry
58:05 Leather Archer Armor
59:42 Hoardings
61:49 Ballistics
63:18 Paper Money
63:39 Ring Archer Armor
ofdudesandmen
11:21 Feudal Age
11:56 Double-Bit Axe
11:52 Horse Collar
14:25 Loom
17:39 Stone Mining
17:43 Gold Mining
17:43 Stone Mining
22:26 Castle Age
21:49 Forging
21:45 Scale Barding Armor
22:27 Bloodlines
23:28 Bow Saw
23:20 Heavy Plow
24:59 Iron Casting
26:02 Wheelbarrow
25:54 Husbandry
26:23 Chain Barding Armor
26:15 Elite Skirmisher
27:36 Hand Cart
28:44 Fletching
28:55 Padded Archer Armor
35:04 Imperial Age
32:40 Light Cavalry
33:27 Murder Holes
33:55 Ballistics
34:16 Stone Shaft Mining
36:15 Lechitic Legacy
35:24 Winged Hussar
37:16 Blast Furnace
36:39 Conscription
36:45 Conscription
38:05 Bodkin Arrow
43:02 Crop Rotation
46:06 Chemistry
45:46 Hoardings
45:16 Bracer
45:17 Scale Mail Armor
45:55 Elite Obuch
49:30 Masonry
55:03 Cavalier
Fuzzy
3:15 Loom
11:16 Feudal Age
12:03 Double-Bit Axe
12:00 Horse Collar
18:36 Scale Mail Armor
23:29 Castle Age
22:47 Forging
24:15 Pikeman
26:42 Stone Mining
27:16 Arson
33:02 Bow Saw
36:06 Heavy Plow
42:03 Wheelbarrow
43:21 Iron Casting
43:02 Chain Mail Armor
44:44 Hand Cart
45:05 Fletching
48:54 Imperial Age
47:51 Bloodlines
47:42 Husbandry
48:11 Scale Barding Armor
55:50 Conscription
56:29 Squires
56:51 Elite Skirmisher
59:27 Padded Archer Armor
61:16 Leather Archer Armor
62:55 Bodkin Arrow
Kevinight
0:36 Loom
11:40 Feudal Age
12:37 Man-at-Arms
13:06 Arson
13:37 Town Watch
13:35 Long Swordsman
23:34 Castle Age
21:53 Scale Mail Armor
25:03 Padded Archer Armor
24:53 Fletching
25:46 Squires
27:25 Forging
26:43 Elite Skirmisher
27:53 Double-Bit Axe
27:53 Horse Collar
28:39 Leather Archer Armor
30:02 Gambesons
30:53 Bodkin Arrow
35:50 Wheelbarrow
39:20 Hand Cart
41:25 Ballistics
42:03 Bow Saw
45:18 Imperial Age
43:56 Town Patrol
43:53 Gold Mining
47:20 Ring Archer Armor
46:50 Bracer
47:55 Chemistry
47:17 Conscription
49:01 Chain Mail Armor
49:21 Iron Casting
48:07 Two-Handed Swordsman
51:45 Block Printing
50:59 Elite Composite Bowman
55:04 Plate Mail Armor
55:35 Blast Furnace
53:57 Champion
60:23 Capped Ram
62:26 Fereters
62:42 Conscription
63:00 Hoardings
63:44 Siege Ram
Connection lost

Rejoining the realm…

Still unreachable

The connection could not be restored.

Session expired

The server has moved on; the page needs a fresh start.